 Dungeon Crawl Stone Soup version 0.23-a0-642-g3120c2f (webtiles) character file.

4152 Lanoc the Protected (level 10, -5/76 HPs)
             Began as a Gnoll Wanderer on Dec 31, 2018.
             Was an Initiate of the Shining One.
             Slain by a gargoyle
             ... wielding a +0 morningstar
              (7 damage)
             ... on level 8 of the Dungeon.
             The game lasted 00:18:05 (6586 turns).

Lanoc the Protected (Gnoll Wanderer)                Turns: 6586, Time: 00:18:06

Health: -5/76      AC:  9    Str: 18      XL:     10   Next: 28%
Magic:  0/17       EV: 19    Int: 18      God:    the Shining One [......]
Gold:   522        SH:  0    Dex: 15 (16) Spells: 19/19 levels left

rFire    + . .     SeeInvis +   A - +3 long sword (elec)
rCold    . . .     Gourm    .   (no shield)
rNeg     . . .     Faith    .   c - +0 ring mail
rPois    .         Spirit   +   (no helmet)
rElec    .         Reflect  .   p - +1 cloak
rCorr    .         Harm     .   (no gloves)
MR       .....                  (no boots)
Stlth    +.........             w - amulet of guardian spirit
HPRegen  0.22/turn              e - +4 ring of evasion
MPRegen  0.15/turn              y - ring of Birdsong {rF+ SInv}

@: mighty, glowing
A: distributed training, fangs 1, strong nose
a: Renounce Religion


You were on level 8 of the Dungeon.
You worshipped the Shining One.
The Shining One was noncommittal.
You were hungry.

You visited 2 branches of the dungeon, and saw 9 of its levels.

You collected 522 gold pieces.

Inventory:

Hand Weapons
 l - a +0 mace of holy wrath
 m - a +6 long sword
 x - a +2 hand axe of venom
 A - a +3 long sword of electrocution (weapon)
Missiles
 j - 147 arrows
Armour
 c - a +0 ring mail (worn)
 p - a +1 cloak (worn)
Jewellery
 e - a +4 ring of evasion (left hand)
 r - a +3 ring of dexterity
 w - an amulet of guardian spirit (around neck)
 y - the ring of Birdsong (right hand) {rF+ SInv}
   (You found it on level 7 of the Dungeon)

   [ring of see invisible]

   It protects you from fire.
   It lets you see invisible.
 C - a +2 ring of intelligence
Wands
 o - a wand of paralysis (10)
 D - a wand of flame (19)
Scrolls
 a - a scroll of identify
 i - a scroll of enchant weapon
 k - 5 scrolls of remove curse
 n - 4 scrolls of teleportation
 q - 2 scrolls of amnesia
 t - 3 scrolls of enchant armour
 v - a scroll of blinking
Potions
 b - 3 potions of cancellation
 f - 2 potions of magic
 g - 4 potions of flight
 h - a potion of resistance
 s - a potion of mutation {unknown}
 z - a potion of invisibility {unknown}
Comestibles
 d - 15 rations


   Skills:
 + Level 5.7 Fighting
 + Level 5.7 Short Blades
 + Level 5.0 Long Blades
 + Level 5.7 Axes
 + Level 5.0 Maces & Flails
 + Level 5.0 Polearms
 + Level 5.0 Staves
 + Level 5.0 Slings
 + Level 5.0 Bows
 + Level 5.0 Crossbows
 + Level 5.7 Throwing
 + Level 8.3 Armour
 + Level 6.9 Dodging
 + Level 5.6 Stealth
 + Level 5.0 Shields
 + Level 5.0 Unarmed Combat
 + Level 5.0 Spellcasting
 + Level 4.1 Conjurations
 + Level 4.1 Hexes
 + Level 4.1 Charms
 + Level 4.1 Summonings
 + Level 4.1 Necromancy
 + Level 4.1 Translocations
 + Level 4.1 Transmutations
 + Level 4.1 Fire Magic
 + Level 4.1 Ice Magic
 + Level 4.1 Air Magic
 + Level 4.1 Earth Magic
 + Level 4.1 Poison Magic
 + Level 5.5 Invocations
 + Level 5.0 Evocations


You had 19 spell levels left.
You didn't know any spells.
Your spell library contained the following spells:

 Spells                   Type           Power        Failure   Level  Hunger
 Sting                    Conj/Pois      ###.         3%          1    None
 Poisonous Vapours        Pois/Air       ###...       6%          2    #......
 Mephitic Cloud           Conj/Pois/Air  ###.....     12%         3    ##.....
 Recall                   Summ/Tloc      N/A          12%         3    ##.....
 Olgreb's Toxic Radiance  Pois           ###.....     36%         4    ####...
 Aura of Abjuration       Summ           ###.......   71%         5    ######.
 Summon Demon             Summ           ###.......   71%         5    ######.
 Summon Forest            Summ/Tloc      ###.......   71%         5    ######.
 Summon Mana Viper        Hex/Summ       ###.....     71%         5    ######.
 Venom Bolt               Conj/Pois      ###.......   71%         5    ######.
 Shadow Creatures         Summ           N/A          99%         6    #######


Dungeon Overview and Level Annotations

Branches:
Dungeon (8/15)             Temple (1/1) D:6
   Lair: D:8-11

Altars:
Ashenzari
Cheibriados
Dithmenos
Elyvilon
Fedhas
Gozag
Hepliaklqana
Kikubaaqudgha
Makhleb
Nemelex Xobeh
Okawaru
Qazlal
Ru
Sif Muna
Trog
Uskayaw
Vehumet
Wu Jian
Xom
Yredelemnul
Zin
The Shining One

Shops:
D:4 (


Innate Abilities, Weirdness & Mutations

Your experience applies equally to all skills.
You have very sharp teeth.
Your uncanny sense of smell can sniff out nearby items.


Message History

The bullfrog misses you.
You riposte.
You slice the bullfrog!! Lightning courses through the bullfrog!
You kill the bullfrog!
An orc comes into view. It is wielding a +0 trident.
A shadow imp comes into view.
The gargoyle hurls a stone arrow at you.
The stone arrow misses you.
You barely miss the gargoyle.
The gargoyle is almost destroyed.
The orc shouts!
You hear an angry hiss.
The gargoyle hurls a stone arrow at you.
The stone arrow hits you!
* * * LOW HITPOINT WARNING * * *
The iguana barely misses you.
You riposte.
You slash the iguana! Lightning courses through the iguana!
You kill the iguana!
You hit the gargoyle.
The gargoyle is almost destroyed.
The gargoyle hits you with a +0 morningstar!
You die...

∆ . ∆ 5. .# #. o. #.
. ##.# #.#. ##o.#
#...##@9###..
#..##.#†....#
#..#...##.##.. #
#..#)#.# ∆.# ##.
#..##..) ∆.. ..#
##.#†#.#... .# #.#
#..#...##.## .
#.######..##.#.....
#..#.......##..###..


You could see a gargoyle, a shadow imp and 2 orcs.

Vanquished Creatures
  Pikel (D:6)
  A troll (D:8)
  Eustachio (D:6)
  Edmund (D:4)
  An ice beast (D:6)
  A phantom (D:5)
  2 black bears
  An orc warrior (D:7)
  A sky beast (D:5)
  2 centaurs
  5 ogres
  Blork the orc (D:4)
  3 bullfrogs (D:8)
  A water moccasin zombie (D:7)
  5 scorpions
  4 wights (D:6)
  4 howler monkeys
  2 electric eels (D:6)
  2 crimson imps (D:6)
  A quasit (D:8)
  A centaur zombie (D:6)
  3 jellies
  A hound (D:6)
  3 orc priests (D:4)
  2 bullfrog skeletons
  4 orc wizards
  2 centaur skeletons
  3 iguanas
  8 worker ants
  2 hound zombies
  A hound skeleton (D:5)
  Robin (D:2)
  A howler monkey zombie (D:6)
  4 gnolls (D:5)
  11 adders
  A howler monkey skeleton (D:4)
  A shadow imp (D:6)
  An ooze (D:1)
  4 adder skeletons
  2 worms
  5 leopard geckos
  18 orcs
  4 ball pythons
  5 giant cockroaches
  9 goblins
  9 hobgoblins
  5 jackals
  7 quokkas
  6 bats
  5 frilled lizards
  A jackal skeleton (D:5)
  6 kobolds
  6 rats
182 creatures vanquished.

Vanquished Creatures (others)
  A goblin (D:2)
1 creature vanquished.

Grand Total: 183 creatures vanquished

Notes
Turn   | Place    | Note
-------+----------+-------------------------------------------
     0 | D:1      | Lanoc the Gnoll Wanderer began the quest for the Orb.
     0 | D:1      | Lanoc set off with the following items: a +2 short sword, a
                  | potion of lignification, a +0 ring mail, a ration
     0 | D:1      | Reached XP level 1. HP: 17/17 MP: 1/1
   111 | D:1      | Reached XP level 2. HP: 19/23 MP: 2/2
   563 | D:2      | Reached XP level 3. HP: 20/28 MP: 3/3
   616 | D:2      | Noticed Robin
   639 | D:2      | Reached skill level 1 in Invocations
   655 | D:2      | Killed Robin
   655 | D:2      | Reached skill level 1 in Long Blades
   655 | D:2      | Reached skill level 1 in Maces & Flails
   655 | D:2      | Reached skill level 1 in Polearms
   655 | D:2      | Reached skill level 1 in Staves
   655 | D:2      | Reached skill level 1 in Slings
   655 | D:2      | Reached skill level 1 in Bows
   655 | D:2      | Reached skill level 1 in Crossbows
   655 | D:2      | Reached skill level 1 in Shields
   655 | D:2      | Reached skill level 1 in Unarmed Combat
   655 | D:2      | Reached skill level 1 in Spellcasting
   655 | D:2      | Reached skill level 1 in Evocations
   885 | D:2      | Reached XP level 4. HP: 24/34 MP: 5/5
  1166 | D:3      | Found a radiant altar of Vehumet.
  1184 | D:3      | Reached skill level 1 in Conjurations
  1184 | D:3      | Reached skill level 1 in Hexes
  1184 | D:3      | Reached skill level 1 in Charms
  1184 | D:3      | Reached skill level 1 in Summonings
  1184 | D:3      | Reached skill level 1 in Necromancy
  1184 | D:3      | Reached skill level 1 in Translocations
  1184 | D:3      | Reached skill level 1 in Transmutations
  1184 | D:3      | Reached skill level 1 in Fire Magic
  1184 | D:3      | Reached skill level 1 in Ice Magic
  1184 | D:3      | Reached skill level 1 in Air Magic
  1184 | D:3      | Reached skill level 1 in Earth Magic
  1184 | D:3      | Reached skill level 1 in Poison Magic
  1254 | D:3      | Found a snail-covered altar of Cheibriados.
  1382 | D:3      | Found a snail-covered altar of Cheibriados.
  1452 | D:3      | Reached XP level 5. HP: 40/40 MP: 6/6
  1636 | D:3      | Found a sparkling altar of Nemelex Xobeh.
  1951 | D:4      | Found Qefaum's Antique Weapon Shop.
  2047 | D:4      | Reached XP level 6. HP: 34/47 MP: 2/8
  2371 | D:4      | Reached skill level 5 in Dodging
  2391 | D:4      | Noticed Blork the orc
  2400 | D:4      | Killed Blork the orc
  2448 | D:4      | Reached XP level 7. HP: 44/52 MP: 10/10
  2470 | D:4      | Reached skill level 7 in Armour
  2503 | D:4      | Noticed Edmund
  2519 | D:4      | Killed Edmund
  2752 | D:5      | Entered Level 5 of the Dungeon
  2773 | D:5      | Reached XP level 8. HP: 54/60 MP: 12/12
  2858 | D:5      | Found a shattered altar of Ashenzari.
  3762 | D:6      | Noticed Eustachio
  3815 | D:6      | Reached XP level 9. HP: 58/66 MP: 14/14
  3816 | D:6      | Killed Eustachio
  4011 | D:6      | Reached skill level 5 in Fighting
  4011 | D:6      | Reached skill level 5 in Short Blades
  4011 | D:6      | Reached skill level 5 in Axes
  4011 | D:6      | Reached skill level 5 in Throwing
  4028 | D:6      | Found a staircase to the Ecumenical Temple.
  4047 | Temple   | Entered the Ecumenical Temple
  4173 | Temple   | Became a worshipper of Elyvilon the Healer
  4724 | D:6      | Found an opulent altar of Gozag.
  4727 | D:6      | Found a glowing golden altar of the Shining One.
  4730 | D:6      | Found a burning altar of Makhleb.
  4730 | D:6      | Reached * piety under Elyvilon
  4733 | D:6      | Found an iron altar of Okawaru.
  4739 | D:6      | Fell from the grace of Elyvilon
  4739 | D:6      | Became a worshipper of the Shining One
  4878 | D:6      | Noticed Pikel
  4898 | D:6      | Killed Pikel
  4898 | D:6      | Reached skill level 8 in Armour
  4898 | D:6      | Reached skill level 5 in Stealth
  4920 | D:6      | Found a deep blue altar of Sif Muna.
  5013 | D:6      | Reached skill level 5 in Invocations
  5182 | D:7      | Got a coiled pewter ring
  5198 | D:7      | Identified the ring of Birdsong {rF+ SInv} (You found it on
                  | level 7 of the Dungeon)
  5460 | D:7      | Reached XP level 10. HP: 74/74 MP: 17/17
  6516 | D:8      | Reached skill level 5 in Long Blades
  6516 | D:8      | Reached skill level 5 in Maces & Flails
  6516 | D:8      | Reached skill level 5 in Polearms
  6516 | D:8      | Reached skill level 5 in Staves
  6516 | D:8      | Reached skill level 5 in Slings
  6516 | D:8      | Reached skill level 5 in Bows
  6516 | D:8      | Reached skill level 5 in Crossbows
  6516 | D:8      | Reached skill level 5 in Shields
  6516 | D:8      | Reached skill level 5 in Unarmed Combat
  6516 | D:8      | Reached skill level 5 in Spellcasting
  6516 | D:8      | Reached skill level 5 in Evocations
  6572 | D:8      | Noticed a gargoyle
  6585 | D:8      | HP: 1/76 [gargoyle/stone arrow (8)]
  6586 | D:8      | Slain by a gargoyle

Vault maps used:
D:1:      wander_arrival_abandoned_jail, minmay_shallow_snake_nest
D:2:      uniq_robin
D:3:      nemelex_altar_shiori, old_standard_altar,
          nicolae_overflow_hidden_temple, cheibriados_altar_1
D:4:      serial_shops, shop_fountains, uniq_edmund, uniq_blork_the_orc
D:5:      old_standard_altar, first_ration
D:6:      led_sif_book, grunt_temple_overflow_cloverleaf, temple_pool_b,
          kennysheep_donut, grunt_ministairs_5, minmay_alternating_orb,
          uniq_pikel, uniq_eustachio
D:7:      minmay_evil_eye
D:8:      minmay_the_grid_octo_tiled_squarecenter, grunt_livestock,
          minmay_misc_feat_roman, amethyst_killhole
Temple:   dshaligram_water_room_temple

Skill      XL: |  1  2  3  4  5  6  7  8  9 10 |
---------------+-------------------------------+-----
Invocations    | 1 2 3 4 5 |  5.5
Long Blades    | 1 2 3 4 5 |  5.0
Maces & Flails | 1 2 3 4 5 |  5.0
Polearms       | 1 2 3 4 5 |  5.0
Staves         | 1 2 3 4 5 |  5.0
Slings         | 1 2 3 4 5 |  5.0
Bows           | 1 2 3 4 5 |  5.0
Crossbows      | 1 2 3 4 5 |  5.0
Shields        | 1 2 3 4 5 |  5.0
Unarmed Combat | 1 2 3 4 5 |  5.0
Spellcasting   | 1 2 3 4 5 |  5.0
Evocations     | 1 2 3 4 5 |  5.0
Conjurations   | 1 2 3 4 |  4.1
Hexes          | 1 2 3 4 |  4.1
Charms         | 1 2 3 4 |  4.1
Summonings     | 1 2 3 4 |  4.1
Necromancy     | 1 2 3 4 |  4.1
Translocations | 1 2 3 4 |  4.1
Transmutations | 1 2 3 4 |  4.1
Fire Magic     | 1 2 3 4 |  4.1
Ice Magic      | 1 2 3 4 |  4.1
Air Magic      | 1 2 3 4 |  4.1
Earth Magic    | 1 2 3 4 |  4.1
Poison Magic   | 1 2 3 4 |  4.1
Fighting       | 3 4 5 |  5.7
Short Blades   | 3 4 5 |  5.7
Axes           | 3 4 5 |  5.7
Throwing       | 3 4 5 |  5.7
Stealth        | 3 4 5 |  5.6
Dodging        | 5 6 |  6.9
Armour         | 7 8 |  8.3

Action                   |  1- 3 |  4- 6 |  7- 9 | 10-12 || total
-------------------------+-------+-------+-------+-------++-------
Melee: Short sword       |    88 |     8 |   310 |       ||   406
       Bite              |    11 |    27 |    51 |    21 ||   110
       Dagger            |     2 |       |       |       ||     2
       Mace              |    20 |   214 |       |       ||   234
       Punch             |     1 |       |     7 |     2 ||    10
       Hand axe          |       |     6 |       |       ||     6
       Long sword        |       |       |    80 |    78 ||   158
  Use: Scroll            |     2 |     3 |    11 |       ||    16
       Potion            |       |     3 |     2 |     1 ||     6
 Stab: Sleeping          |     2 |     6 |     3 |       ||    11
  Eat: Chunk             |       |     6 |     9 |     4 ||    19
Armor: Ring mail         |    37 |    49 |    83 |    30 ||   199
Dodge: Dodged            |    91 |   278 |   309 |   112 ||   790
       Rpst.: Long sword |       |       |    22 |    23 ||    45

Table legend:
 A = Non-vault XP
 B = Vault XP
 C = Vault XP percentage of total XP
 D = Non-vault monster count
 E = Vault monster count
 F = Vault count percentage of total count
                 A         B        C        D         E       F
            +---------+---------+-------+---------+---------+-------
      Total |    3129 |    2803 |  47.3 |     139 |      43 |  23.6
            +---------+---------+-------+---------+---------+-------
        D:1 |      21 |       2 |   8.7 |      11 |       1 |   8.3
        D:2 |      43 |      34 |  44.2 |      13 |      10 |  43.5
        D:3 |     103 |       0 |   0.0 |      28 |       0 |   0.0
        D:4 |     533 |     265 |  33.2 |      26 |       2 |   7.1
        D:5 |     840 |       0 |   0.0 |      20 |       0 |   0.0
        D:6 |    1046 |    1322 |  55.8 |      24 |      14 |  36.8
        D:7 |     504 |     262 |  34.2 |      15 |       4 |  21.1
        D:8 |      39 |     918 |  95.9 |       2 |      12 |  85.7
            +---------+---------+-------+---------+---------+-------
